 Dungeon Crawl Stone Soup version 0.29-a0-961-gfab03dca74 (webtiles) character file.

Game seed: 163260249179832104

1056 Elmgren the Basher (level 8, -2/71 HPs)
             Began as a Minotaur Berserker on July 30, 2022.
             Was a Priest of Trog.
             Slain by a gnoll
             ... wielding a +0 hand axe
              (4 damage)
             ... on level 4 of the Dungeon.
             The game lasted 00:20:13 (7783 turns).

Elmgren the Basher (Minotaur Berserker)             Turns: 7783, Time: 00:20:14

Health: -2/71      AC:  8    Str: 24    XL:     8   Next: 6%
Magic:  7/7        EV: 11    Int:  4    God:    Trog [***...]
Gold:   239        SH:  5    Dex: 10    Spells: 7/7 levels left

rFire   . . .      SeeInvis .   s - +2 flail (vorpal)
rCold   . . .      Faith    .   (no shield)
rNeg    . . .      Spirit   .   b - +2 ring mail {Will+}
rPois   .          Reflect  +   (helmet restricted)
rElec   .          Harm     .   (no cloak)
rCorr   .          Rampage  .   (no gloves)
Will    ++...                   (no boots)
Stlth   ..........              j - amulet of reflection
HPRegen 0.21/turn               c - ring of willpower
MPRegen 0.10/turn               (no ring)

@: on berserk cooldown, slowed, very slow
A: horns 2, retaliatory headbutt
a: Renounce Religion, Berserk, Trog's Hand


You were on level 4 of the Dungeon.
You worshipped Trog.
Trog was most pleased with you.
You visited 1 branch of the dungeon, and saw 4 of its levels.

You collected 267 gold pieces.
You spent 28 gold pieces at shops.

Inventory:

Hand Weapons
 a - a +0 mace
 d - a +2 short sword of flaming
 s - a +2 vorpal flail (weapon)
Missiles
 e - 6 poisoned darts (quivered)
 r - a throwing net
Armour
 b - a +2 ring mail of willpower (worn)
Jewellery
 c - a ring of willpower (left hand)
 i - a ring of protection from fire
 j - an amulet of reflection (around neck)
 p - an amulet of the acrobat
Wands
 f - a wand of roots (4)
Scrolls
 h - a scroll of poison {unknown}
 m - a scroll of noise {unknown}
 n - a scroll of teleportation {unknown}
 o - a scroll of vulnerability {unknown}
 q - a scroll of magic mapping
Potions
 g - 2 potions of curing
 k - 2 potions of attraction
 l - a potion of heal wounds {unknown}


   Skills:
 + Level 6.9 Fighting
 + Level 8.4 Maces & Flails
 + Level 6.3 Armour
 - Level 2.1 Dodging


You had 7 spell levels left.
You didn't know any spells.
Your spell library was empty.

Dungeon Overview and Level Annotations

Branches:
Dungeon (4/15) Zot: 16170
 Temple: D:4-7

Altars:
Fedhas
Xom
The Shining One

Shops:
D:1 =   D:4 (

Annotations:
D:4 Natasha


Innate Abilities, Weirdness & Mutations

You have a pair of horns on your head.
You reflexively headbutt those who attack you in melee.


Message History

You struggle against the net.
The gnoll hits you but does no damage. The iguana closely misses you.
The hound barely misses you. You furiously retaliate!
You headbutt the hound.
The orc wizard mumbles some strange words.
The orc wizard flickers and vanishes!
A red film seems to cover your vision as you go berserk!
You feel yourself moving faster!
You feel mighty! The hound bites you.
The gnoll hits you from afar with a +0 halberd. x2
The iguana bites you.
Natasha zaps a wand.
The roots erupt in riotous growth!
The hound is unaffected.
The gnoll is unaffected.
The grasping roots grab you! The grasping roots constrict you.
Something hits you. The hound bites you but does no damage.
You tear a large gash into the net.
You feel a strong urge to attack something.
The gnoll hits you from afar with a +0 halberd.
The gnoll hits you but does no damage. The iguana bites you.
The grasping roots constrict you.
You rip the net and break free!
The gnoll is no longer moving quickly.
The hound bites you.
* * * LOW HITPOINT WARNING * * *
Something hits you but does no damage. You block the gnoll's attack.
The gnoll hits you from afar with a +0 halberd.
* * * LOW HITPOINT WARNING * * *
The iguana bites you!
* * * LOW HITPOINT WARNING * * *
The gnoll closely misses you. The grasping roots constrict you.
* * * LOW HITPOINT WARNING * * *
You escape the roots grasp.
The hound attacks as you move away! The hound completely misses you.
You furiously retaliate!
You headbutt the hound!
You kill the hound!
Trog accepts your kill.
You feel your anger nearly subside.
You are no longer berserk.
You are exhausted.
You feel yourself slow down.
The gnoll is no longer moving quickly.
The gnoll hits you with a +0 hand axe.
* * * LOW HITPOINT WARNING * * *
The gnoll attacks as you move away! The gnoll hits you with a +0 hand axe.
You die...

#''#......gg #.≈ ...#.......o #.≈
...#..o....# #.≈
####'################## #.≈
...#......g'5...+...... #.≈ .#
#.......#.o..#...... #.≈
...#....5..#.g..# ..... #+###
############'g'h#############...#
...........))...@...........#.og#
≈≈≈≈≈≈≈≈≈≈≈≈.glg≈≈≈≈≈≈≈≈≈≈≈≈#####
≈≈≈≈≈≈≈≈≈≈≈≈...g≈≈≈≈≈≈≈≈≈≈≈≈≈≈≈≈≈
≈≈≈≈≈≈≈≈≈≈≈≈....≈≈≈≈≈≈≈≈≈≈≈≈≈≈≈≈≈
.................................
'########.......#........#.......
.......).)......#...###'##.......
.....).).########...##.......####
.......).'...........#.......#


You could see a gnoll bouda, an iguana, Natasha, 4 gnolls, a white imp
(summoned), an orc and a hobgoblin.

Vanquished Creatures
  Sigmund (D:3)
  2 ogres (D:4)
  2 phantoms
  A gnoll sergeant (D:4)
  2 howler monkeys (D:4)
  3 hounds (D:4)
  Natasha (twice) (D:4)
  An orc wizard (D:3)
  An adder (D:3)
  15 gnolls
  A white imp (D:4)
  2 worms
  A dart slug (D:1)
  15 orcs
  5 ball pythons
  2 bats
  6 endoplasms
  4 giant cockroaches
  3 goblins
  4 hobgoblins
  11 jackals (D:4)
  15 kobolds
  A quokka (D:2)
  6 frilled lizards
  6 rats
112 creatures vanquished.

Vanquished Creatures (others)
  2 demonic plants (D:2)
  A fungus (D:4)
  11 plants
14 creatures vanquished.

Grand Total: 126 creatures vanquished

Notes
Turn   | Place    | Note
-------+----------+-------------------------------------------
     0 | D:1      | Elmgren the Minotaur Berserker began the quest for the Orb.
     0 | D:1      | Reached XP level 1. HP: 19/19 MP: 0/0
    53 | D:1      | Reached skill level 4 in Maces & Flails
   387 | D:1      | Reached XP level 2. HP: 16/26 MP: 1/1
   587 | D:1      | Found Ochiofogee's Jewellery Shop.
   770 | D:1      | Reached skill level 5 in Maces & Flails
   929 | D:1      | Reached XP level 3. HP: 31/31 MP: 2/2
  2437 | D:2      | Found a faded altar of an unknown god.
  2437 | D:2      | Noticed a reaper
  2866 | D:2      | Reached ** piety under Trog
  4126 | D:3      | Noticed Sigmund
  4313 | D:3      | Reached skill level 6 in Maces & Flails
  4313 | D:3      | Reached XP level 4. HP: 39/39 MP: 3/3
  4350 | D:3      | Killed Sigmund
  4351 | D:3      | Reached XP level 5. HP: 15/47 MP: 4/4
  4684 | D:3      | Found a glowing golden altar of the Shining One.
  5237 | D:4      | Noticed a phantom
  5249 | D:3      | Killed a phantom
  5250 | D:3      | Reached skill level 5 in Fighting
  5250 | D:3      | Reached XP level 6. HP: 56/56 MP: 5/5
  5292 | D:4      | Noticed Natasha
  5301 | D:4      | Killed Natasha
  5302 | D:4      | Reached skill level 7 in Maces & Flails
  5810 | D:4      | Reached XP level 7. HP: 58/61 MP: 6/6
  5812 | D:4      | Reached skill level 5 in Armour
  5915 | D:4      | Found Yzxynez's Weapon Boutique.
  5918 | D:4      | Bought 6 poisoned darts for 28 gold pieces
  6077 | D:4      | Found a shimmering altar of Xom.
  6077 | D:4      | Found a blossoming altar of Fedhas.
  6611 | D:4      | Reached skill level 8 in Maces & Flails
  6615 | D:4      | Reached *** piety under Trog
  6968 | D:4      | Noticed Natasha
  7006 | D:4      | Killed Natasha
  7647 | D:4      | Reached XP level 8. HP: 71/71 MP: 7/7
  7766 | D:4      | Noticed Natasha
  7782 | D:4      | HP: 2/71 [gnoll/+0 hand axe (4)]
  7783 | D:4      | Slain by a gnoll

Illustrated notes

Levels and vault maps discovered:
D:1:      dpeg_arrival_pond, layout_basic, serial_shops, shop,
          corexii_corridor_pit
D:2:      layout_basic, serial_forest, infiniplex_forest_fountain,
          infiniplex_forest_lined_room_2, infiniplex_forest_lined_4_way,
          infiniplex_forest_join, dreamdust_ecumenical_altar_sealed_demon,
          lexackson_kobold_supper
D:3:      layout_basic, nicolae_overflow_crystal_walls, uniq_sigmund
D:4:      lemuel_castle_with_subvaults [lemuel_castle_interior_carwin_3],
          layout_gridville, gammafunk_temple_overflow_wave, serial_shops, shop,
          shop, amcnicky_mini_pool_small, hangedman_decor_opposing, uniq_natasha

Skill      XL: |  1  2  3  4  5  6  7 |
---------------+----------------------+-----
Maces & Flails | 4 5 6 7 8 |  8.4
Fighting       | 4 5 6 |  6.9
Armour         | 3 4 6 |  6.3
Dodging        | |  2.1

Action                   |  1- 3 |  4- 6 |  7- 9 || total
-------------------------+-------+-------+-------++-------
Melee: Mace              |    84 |    64 |    89 ||   237
       Headbutt          |    15 |     7 |    22 ||    44
       Flail             |       |       |    26 ||    26
       Punch             |       |       |     3 ||     3
Throw: Dart              |       |       |     3 ||     3
Invok: Berserk           |       |     2 |     2 ||     4
  Use: Scroll            |     6 |     1 |       ||     7
       Potion            |     4 |       |       ||     4
Armor: Animal skin       |     9 |       |       ||     9
       Ring mail         |    12 |    21 |    50 ||    83
Dodge: Dodged            |    55 |    43 |    82 ||   180
Block: Other             |       |     5 |    38 ||    43
       Reflection        |       |       |     2 ||     2

Table legend: (Time is in decaauts)
 A = Elapsed time spent in this place.
 B = Non-inter-level travel time spent in this place.
 C = Inter-level travel time spent in this place.
 D = Time resting spent in this place.
 E = Time spent auto-exploring this place.
 F = Levels seen in this place.
 G = Mean time per level.
                   A        B        C        D        E       F      G
               +--------+--------+--------+--------+--------+-----+--------+
         Total |   7829 |   7462 |    367 |   3358 |   2531 |   4 | 1957.2 |
       Dungeon |   7829 |   7462 |    367 |   3358 |   2531 |   4 | 1957.2 |
               +--------+--------+--------+--------+--------+-----+--------+

Top non-repeatable levels by time:
     D:4: 2379 daAuts
     D:1: 2347 daAuts
     D:2: 1804 daAuts
     D:3: 1298 daAuts
